Cogmind - Beta 15 @@@ ROGUE MODE // 2025.06.18 @ 12:49:57 Player: Falconhoof Result: Destroyed by P-60 Hacker with Shock Rifle Performance ------------- Evolutions (2) 1000 Regions Visited (7) 1400 Robots Destroyed (66) 330 Value Destroyed (2365) 2365 Prototype IDs (32) 640 Alien Tech Used (0) 0 Bonus (610) 610 TOTAL SCORE: 6345 Bonus ------- High Alert Combat Kills 89 Follower Combat Kills 21 Entered Garrisons 200 Aligned with FarCom 300 Cogmind --------- Core Integrity 0/550 Matter 300/300 Energy 259/280 System Corruption 15% Temperature Cool (0) Movement Core (250) Ox4 Location -8/Garrison Parts ------- > --- POWER (1) -------- Cooled Ion Engine > --- PROPULSION (3) --- (None) > --- UTILITY (4) ------ Heat Sink Small Storage Unit > --- WEAPON (3) ------- (None) > --- INVENTORY (8) ---- Light Nuclear Core Improved Melee Analysis Suite Microactuators Relay Coupler [Heavy] (13) Heavy Particle Gun Improved Datajack Peak State ------------ > --- POWER ------------ Cooled Ion Engine > --- PROPULSION ------- Wheel Wheel Wheel > --- UTILITY ---------- Improved Heat Sink Small Storage Unit Improved Melee Analysis Suite Microactuators > --- WEAPON ----------- Beamcaster Enhanced Autogun Longsword +1 > --- INVENTORY -------- Cooled Ion Engine Wheel Wheel Disposable Heat Sink Improved Melee Analysis Suite Microactuators Particle Cannon Rocket Launcher [Rating: 36] Favorites ----------- Power Cooled Ion Engine Engine Cooled Ion Engine Propulsion Wheel Leg Aluminum Leg Wheel Wheel Utility Small Storage Unit Device Improved Heat Sink Storage Small Storage Unit Processor Improved Melee Analysis Suite Weapon Particle Cannon Energy Gun Beamcaster Energy Cannon Particle Cannon Ballistic Gun Light Assault Rifle Launcher Advanced EMP Blaster Slashing Weapon Longsword +1 Special Melee Weapon Improved Datajack Build | -11 -10 -10 -10 -9 -8 -8 -8 ------- Run | Yrd Mat Min Exi Min Mat Sto Gar Slots Evolved 4 | . . . . . 4 . . Power . | . . . . . . . . Propulsion 1 | . . . . . 1 . . Utility 2 | . . . . . 2 . . Weapon 1 | . . . . . 1 . . Parts Attached 44 | 6 5 4 1 1 19 . 8 Power 5 | 1 . 1 . . 3 . . Engine 5 | 1 . 1 . . 3 . . Core . | . . . . . . . . Reactor . | . . . . . . . . Propulsion 14 | 2 1 1 . . 7 . 3 Treads . | . . . . . . . . Leg 3 | . . . . . . . 3 Wheel 11 | 2 1 1 . . 7 . . Hover . | . . . . . . . . Flight . | . . . . . . . . Utility 9 | 1 1 1 . . 4 . 2 Device 7 | . 1 1 . . 3 . 2 Storage 1 | 1 . . . . . . . Processor 1 | . . . . . 1 . . Hackware . | . . . . . . . . Protection . | . . . . . . . . Artifact . | . . . . . . . . Weapon 16 | 2 3 1 1 1 5 . 3 Energy Gun 5 | 1 . 1 . . 2 . 1 Energy Cannon 2 | . 2 . . . . . . Ballistic Gun 3 | 1 . . . . 1 . 1 Ballistic Cannon . | . . . . . . . . Launcher 4 | . 1 . . 1 1 . 1 Special Weapon . | . . . . . . . . Impact Weapon . | . . . . . . . . Slashing Weapon 1 | . . . 1 . . . . Piercing Weapon . | . . . . . . . . Special Melee Weapon 1 | . . . . . 1 . . Unidentified Prototypes 5 | . . . . . 5 . . Corrupted Parts 2 | . . . . . . . 2 System Corruption 11 | . . . . . . . 11 Parts Lost 19 | . . . . . 4 . 15 Power . | . . . . . . . . Propulsion 8 | . . . . . 2 . 6 Utility 4 | . . . . . . . 4 Weapon 7 | . . . . . 2 . 5 Highest Loss Streak 8 | . . . . . 2 . 8 To Critical Strikes 1 | . . . . . . . 1 Average Backups 7 | . 6 7 8 8 7 8 6 Power 1 | . 1 1 1 1 1 1 . Propulsion 1 | . . 1 2 2 1 . . Utility 2 | . 1 2 2 2 3 4 3 Weapon 2 | . 2 2 3 3 1 2 1 Tool/Special . | . . . . . . . . Unused Backups 14 | . 3 2 1 . 4 . 4 Power 4 | . 1 1 . . 1 . 1 Propulsion 1 | . 1 . . . . . . Utility 7 | . . 1 . . 3 . 3 Weapon 2 | . 1 . 1 . . . . Tool/Special . | . . . . . . . . Average Slot Usage (%) 97 | . 97 99 100 100 99 100 88 Engine 11 | . 14 14 14 14 9 9 9 Leg 1 | . . . . . . . 11 Wheel 24 | . 28 28 28 28 26 27 7 Device 16 | . 11 14 14 14 17 18 20 Storage 11 | . 14 14 14 14 9 9 9 Processor 4 | . . . . . 8 9 4 Energy Gun 10 | . 11 6 14 12 8 9 14 Energy Cannon 8 | . 13 21 8 . 7 . . Launcher 2 | . 1 . . 1 1 9 7 Slashing Weapon 5 | . . . 6 14 9 9 3 Peak Build Rating 36 | 6 11 15 21 21 36 36 36 Average Rating 24 | 4 9 12 17 20 34 36 31 On Entrance 18 | . 6 11 15 21 21 36 36 Naked Turns . | . . . . . . . . Heaviest Build 31 | 11 17 18 18 17 29 28 31 Greatest Support 36 | 20 20 20 20 20 36 36 36 Greatest Overweight (x) 7 | 3 . . . . 1 . 7 Average Overweight (x) . | . . . . . . . . Largest Inventory Capacity 8 | 8 8 8 8 8 8 8 8 Average Capacity 7 | 7 8 8 8 8 8 8 8 Most Carried 8 | 2 8 8 8 8 8 8 8 Average Carried 7 | . 6 7 7 7 7 8 6 Final Capacity 8 | 8 8 8 8 8 8 8 8 Final Carried 8 | 2 8 8 8 8 8 8 6 Class Distribution -------------------- 61% | Mutant 31% | Scavenger-Mutant 7% | Skirmisher Dominant Class ---------------- Mutant | -10/Materials Mutant | -10/Mines Scavenger-Mutant | -10/Exiles Scavenger-Mutant | -9/Mines Mutant | -8/Materials Mutant | -8/Storage Skirmisher | -8/Garrison Resources | -11 -10 -10 -10 -9 -8 -8 -8 ----------- Run | Yrd Mat Min Exi Min Mat Sto Gar Matter Collected 944 | 237 103 80 . 18 345 . 161 Remotely . | . . . . . . . . Salvage Created 2434 | . 300 52 . 25 1550 . 507 Parts 133 | . 21 9 . 3 74 . 26 Haulers Intercepted 5 | . 2 . . . 3 . . Recyclers Shooed . | . . . . . . . . Parts Field Recycled . | . . . . . . . . Retrieved Matter . | . . . . . . . . Parts Self-Destructed . | . . . . . . . . Prevented . | . . . . . . . . Kills | -11 -10 -10 -10 -9 -8 -8 -8 ------- Run | Yrd Mat Min Exi Min Mat Sto Gar Combat Hostiles Destroyed 49 | . 5 3 . 3 27 . 11 Melee 17 | . . . . . 16 . 1 Guns 9 | . 2 . . . 3 . 4 Cannons 1 | . . 1 . . . . . AOE 22 | . 3 2 . 3 8 . 6 Classes Destroyed 10 | . 4 . . . 6 . . Worker 10 | . 2 2 . . 6 . . Hauler 5 | . 2 . . . 3 . . Operator 1 | . . . . . 1 . . Watcher 1 | . . . . . 1 . . Swarmer 11 | . 3 3 . 3 . . 2 Grunt 23 | . 2 . . . 16 . 5 Brawler 3 | . . . . . 3 . . Duelist 1 | . . . . . 1 . . Sentry 8 | . . . . . 6 . 2 Hunter 3 | . . . . . 1 . 2 Best Kill Streak 14 | . 4 3 . 3 14 . 8 Combat Bots Only 12 | . 3 3 . 3 12 . 8 Max Kills in Single Turn 4 | . 2 2 . 3 4 . 2 Gunslinging . | . . . . . . . . Exploded 4 | . 2 2 . 3 4 . 2 Melee 1 | . . . . . 1 . 1 Uniques/NPCs Destroyed . | . . . . . . . . Combat | -11 -10 -10 -10 -9 -8 -8 -8 -------- Run | Yrd Mat Min Exi Min Mat Sto Gar Hostile Shots Fired 234 | . 19 10 . 5 73 . 127 Missed 70 | . 6 4 . 1 27 . 32 Hits 164 | . 13 6 . 4 46 . 95 Melee 2 | . . . . . 2 . . Projectile 162 | . 13 6 . 4 44 . 95 AOE 1 | . . . . . . . 1 Critical Strikes 5 | . . . . . . . 5 Damage Taken 2584 | . 165 52 . 28 790 . 1549 Core 609 | . 43 10 . . 186 . 370 Absorbed by Shields . | . . . . . . . . Core Remaining (%) 89 | 100 . . . 78 . . . Volleys Fired 85 | . 22 8 . 1 14 . 40 Largest 3 | . 2 2 . 1 2 . 3 Hottest 146 | . 108 143 . 33 143 . 146 Shots Fired 144 | . 34 13 . 1 22 . 74 Gun 93 | . 19 1 . . 10 . 63 Cannon 31 | . 12 11 . . 8 . . Launcher 20 | . 3 1 . 1 4 . 11 Special . | . . . . . . . . Kinetic 8 | . . . . . . . 8 Thermal 97 | . 12 12 . . 18 . 55 Explosive 9 | . 3 1 . 1 4 . . Electromagnetic 30 | . 19 . . . . . 11 Robot Hit Streak 12 | . 7 2 . . 7 . 12 Robot Miss Streak 4 | . 4 2 . 1 2 . 4 Penetration Max . | . . . . . . . . Secondary Targets . | . . . . . . . . Shots Hit Robots 126 | . 19 6 . . 65 . 36 Core Hits 89 | . 12 5 . 3 51 . 18 Critical Kills . | . . . . . . . . Critical Parts Destroyed 1 | . . . . . . . 1 Critical Strikes 10 | . . . . . 7 . 3 Burn 2 | . . . . . 1 . 1 Destroy 1 | . . . . . . . 1 Sever 7 | . . . . . 6 . 1 Melee Attacks 53 | . . . . . 51 . 2 Impact . | . . . . . . . . Slashing 52 | . . . . . 50 . 2 Piercing . | . . . . . . . . Sneak Attacks 10 | . . . . . 10 . . Combat Hostiles 2 | . . . . . 2 . . Follow-up Attacks . | . . . . . . . . Damage Inflicted 5921 | . 474 247 . 123 3937 . 1140 Guns 1019 | . 176 20 . . 170 . 653 Cannons 307 | . 123 83 . . 101 . . Explosions 1644 | . 175 129 . 123 827 . 390 Melee 2926 | . . . . . 2839 . 87 Ramming 25 | . . 15 . . . . 10 Kinetic 118 | . . . . . . . 118 Thermal 1092 | . 123 103 . . 271 . 595 Explosive 1254 | . 175 129 . 123 827 . . Electromagnetic 506 | . 176 . . . . . 330 Impact . | . . . . . . . . Slashing 2926 | . . . . . 2839 . 87 Piercing . | . . . . . . . . Highest Corruption 15 | . . . . . 2 2 15 Average Corruption 3 | . . . . . 2 2 6 Corruption Purged . | . . . . . . . . Corruption Blocked . | . . . . . . . . Effects 24 | . . . . . 14 . 10 Message Errors 9 | . . . . . 5 . 4 Matter Fused 4 | . . . . . 2 . 2 Heat Flow Errors 5 | . . . . . 4 . 1 Energy Discharges 3 | . . . . . 2 . 1 Data Loss (minor) 1 | . . . . . . . 1 Data Loss (major) 1 | . . . . . 1 . . Misfires 1 | . . . . . . . 1 Overload Shots . | . . . . . . . . Overflow Damage 215 | . . . . . 172 . 43 Projectiles . | . . . . . . . . Explosions 43 | . . . . . . . 43 Melee 172 | . . . . . 172 . . Knockbacks . | . . . . . . . . Impact . | . . . . . . . . Kinetic . | . . . . . . . . Secondary . | . . . . . . . . Self-Inflicted Damage 176 | . . 7 . . 38 . 131 Shots 9 | . . . . . 2 . 7 Rammed 1 | . . 1 . . . . . Targets Rammed 6 | . . 1 . . . . 5 Kicked 5 | . . . . . . . 5 Crushed . | . . . . . . . . Highest Temperature 275 | . 192 150 . . 197 . 275 Average Temperature 84 | . 93 51 . . 49 . 112 Received Heat Transfer 795 | . 72 . . . 225 . 498 Siege Activations . | . . . . . . . . Martial Activations . | . . . . . . . . Shielding Activations . | . . . . . . . . Robots Disrupted . | . . . . . . . . Combat Hostiles . | . . . . . . . . Robots Corrupted . | . . . . . . . . Combat Hostiles . | . . . . . . . . Parts Fried . | . . . . . . . . Impact Corruptions 1 | . . 1 . . . . . Robots Melted . | . . . . . . . . Combat Hostiles . | . . . . . . . . Parts Melted 5 | . 2 . . . 1 . 2 Heat Transferred 2035 | . 222 185 . . 555 . 1073 Parts Sabotaged . | . . . . . . . . Parts Stolen . | . . . . . . . . Parts Stripped . | . . . . . . . . Power Chain Reactions 1 | . . . . . . . 1 Alert | -11 -10 -10 -10 -9 -8 -8 -8 ------- Run | Yrd Mat Min Exi Min Mat Sto Gar Maximum Alert Level 2 | . . . . . 2 1 2 Low Security (%) 70 | 100 100 100 . 100 59 . 17 Level 1 15 | . . . . . 12 100 66 Level 2 13 | . . . . . 27 . 15 Level 3 . | . . . . . . . . Level 4 . | . . . . . . . . Level 5 . | . . . . . . . . High Security . | . . . . . . . . Max Security . | . . . . . . . . Peak Influence 510 | . 116 106 . 75 510 202 464 Initial 202 | . . 31 . . 9 202 133 Average 137 | . 31 38 . 23 180 202 322 Influence Increases 1748 | . 220 165 . 75 883 4 401 Destroy 0b10 Robot/C 1040 | . 100 120 . 60 540 . 220 Destroy 0b10 Robot/NC 85 | . 20 10 . . 55 . . Destroy Leader 192 | . 24 20 . 10 138 . . Allied During Kill 10 | . . 10 . . . . . Successful Hack 53 | . 16 . . . 33 4 . Disable Machine 60 | . . . . . . . 60 Anti-Garrison Action 100 | . . . . . . . 100 Destroy Structure 73 | . 15 5 . 5 27 . 21 Partial Spotted 15 | . . . . . 15 . . Lose Combat Pursuer 120 | . 45 . . . 75 . . Influence Decreases 1364 | . 138 247 . 50 428 278 223 Entered New Map 418 | . . 51 . . 16 278 73 Time Decay 719 | . 138 176 . 50 355 . . Lost Part 190 | . . . . . 40 . 150 Lost Ally 20 | . . 20 . . . . . Purge Threat 17 | . . . . . 17 . . Squads Dispatched 6 | . 2 . . . 4 . . Investigation 2 | . 1 . . . 1 . . Extermination . | . . . . . . . . Reinforcement 1 | . 1 . . . . . . Assault . | . . . . . . . . Garrison 3 | . . . . . 3 . . Intercept . | . . . . . . . . Searches Triggered . | . . . . . . . . Construction Impeded . | . . . . . . . . Haulers Reinforced . | . . . . . . . . Active Scanning Responses . | . . . . . . . . Cargo Convoy Interrupts . | . . . . . . . . Stealth | -11 -10 -10 -10 -9 -8 -8 -8 --------- Run | Yrd Mat Min Exi Min Mat Sto Gar Distress Signals 4 | . 3 . . . 1 . . Communications Jammed . | . . . . . . . . Distress Signals . | . . . . . . . . Times Spotted 83 | . 15 6 . 2 41 . 19 Peak Tracking Total 12 | . 6 3 . 3 12 . 7 Tactical Retreats 7 | . 2 . . . 5 . . Traps | -11 -10 -10 -10 -9 -8 -8 -8 ------- Run | Yrd Mat Min Exi Min Mat Sto Gar Traps Triggered 1 | . 1 . . . . . . Indirectly . | . . . . . . . . Trap Hack Attempts . | . . . . . . . . Triggered . | . . . . . . . . Disarmed . | . . . . . . . . Reprogrammed . | . . . . . . . . Reused . | . . . . . . . . Traps Extracted . | . . . . . . . . Installed . | . . . . . . . . Triggered . | . . . . . . . . Machines | -11 -10 -10 -10 -9 -8 -8 -8 ---------- Run | Yrd Mat Min Exi Min Mat Sto Gar Machines Disabled 6 | . . . . . . . 6 Max in Single Turn 1 | . . . . . . . 1 Garrison Relay 2 | . . . . . . . 2 Machines Repaired . | . . . . . . . . Machines Dismantled . | . . . . . . . . Machines Sabotaged . | . . . . . . . . Overloaded Fab Kills . | . . . . . . . . Hacking | -11 -10 -10 -10 -9 -8 -8 -8 --------- Run | Yrd Mat Min Exi Min Mat Sto Gar Machines Accessed 15 | . 3 . 2 . 9 1 . Terminals 9 | . 2 . . . 7 . . Fabricators . | . . . . . . . . Repair Stations . | . . . . . . . . Recycling Units 1 | . 1 . . . . . . Scanalyzers 2 | . . . . . 2 . . Garrison Access 1 | . . . . . . 1 . Total Hacks 35 | . 6 . 2 . 25 2 . Successful 27 | . 4 . 2 . 20 1 . Failed 8 | . 2 . . . 5 1 . Catastrophic 1 | . . . . . 1 . . Database Lockouts . | . . . . . . . . Manual 3 | . . . 1 1 1 . . Terminals 25 | . 4 . . . 21 . . Fabricators . | . . . . . . . . Repair Stations . | . . . . . . . . Recycling Units 2 | . 2 . . . . . . Scanalyzers 4 | . . . . . 4 . . Garrison Access 2 | . . . . . . 2 . Terminal Hacks 20 | . 2 . 2 . 16 . . Record 7 | . . . 1 . 6 . . Robot Analysis 1 | . . . . . 1 . . Prototype ID Bank 2 | . . . . . 2 . . Branch Access Points 1 | . 1 . . . . . . Alert Level 2 | . . . . . 2 . . Unreport Threat 1 | . . . . . 1 . . Locate Traps 1 | . . . . . 1 . . Transport Status 1 | . . . . . 1 . . Reinforcement Status 1 | . . . . . 1 . . Hauler Manifests 1 | . . . . . 1 . . Zone Layout 1 | . 1 . . . . . . Proto ID Catalog 1 | . . . 1 . . . . Fabricator Hacks . | . . . . . . . . Repair Station Hacks . | . . . . . . . . Recycling Unit Hacks 2 | . 2 . . . . . . Process 1 | . 1 . . . . . . Report Inventory 1 | . 1 . . . . . . Scanalyzer 4 | . . . . . 4 . . Insert Component 3 | . . . . . 3 . . Analyze 1 | . . . . . 1 . . Garrison Access Hacks 1 | . . . . . . 1 . Unlock Access 1 | . . . . . . 1 . Unauthorized Hacks . | . . . . . . . . Terminals . | . . . . . . . . Fabricators . | . . . . . . . . Repair Stations . | . . . . . . . . Recycling Units . | . . . . . . . . Scanalyzers . | . . . . . . . . Garrison Access . | . . . . . . . . Data Cores Recovered 1 | . . . . . 1 . . Used 1 | . . . . . 1 . . Hacking Detections 9 | . 1 . . . 7 1 . Full Trace Events 1 | . . . . . 1 . . Feedback Events . | . . . . . . . . Feedback Blocked . | . . . . . . . . Robot Schematics Acquired . | . . . . . . . . Robots Built . | . . . . . . . . Authchips . | . . . . . . . . Time . | . . . . . . . . Total Robot Build Rating . | . . . . . . . . Part Schematics Acquired 1 | . . . . . 1 . . Parts Built . | . . . . . . . . Authchips . | . . . . . . . . Time . | . . . . . . . . Total Part Build Rating . | . . . . . . . . Parts Repaired . | . . . . . . . . Time . | . . . . . . . . Parts Recycled . | . . . . . . . . Recycled Matter 17 | . 17 . . . . . . Retrieved Matter . | . . . . . . . . Retrieved Components . | . . . . . . . . Parts Scanalyzed 1 | . . . . . 1 . . Part Schematics Acquired 1 | . . . . . 1 . . Parts Damaged . | . . . . . . . . Bothacking | -11 -10 -10 -10 -9 -8 -8 -8 ------------ Run | Yrd Mat Min Exi Min Mat Sto Gar Used RIF Installer . | . . . . . . . . Robots Hacked 1 | . . . . . 1 . . Non-combat . | . . . . . . . . Combat 1 | . . . . . 1 . . Robot Hacks Applied 1 | . . . . . 1 . . parse_system 1 | . . . . . 1 . . Relay Couplers Released 7 | . . . . . . . 7 Machine Destruction 7 | . . . . . . . 7 Fabnet Peak Effective % . | . . . . . . . . Robots Rewired . | . . . . . . . . Allies Hacked . | . . . . . . . . Hacks Repelled . | . . . . . . . . Allies | -11 -10 -10 -10 -9 -8 -8 -8 -------- Run | Yrd Mat Min Exi Min Mat Sto Gar Total Allies 3 | . . 3 . . . . . Largest Group 3 | . . 3 . . . . . Highest-Rated Group 76 | . . 76 . . . . . Highest-Rated Ally 31 | . . 31 . . . . . Total Orders . | . . . . . . . . Ally Attacks 6 | . . 6 . . . . . Total Damage 63 | . . 63 . . . . . Kills 3 | . . 3 . . . . . Allies Corrupted . | . . . . . . . . Allies Melted . | . . . . . . . . Intel | -11 -10 -10 -10 -9 -8 -8 -8 ------- Run | Yrd Mat Min Exi Min Mat Sto Gar Active Infowar (turns) . | . . . . . . . . Robot Analysis Total 1 | . . . . . 1 . . Derelict Logs Recovered 1 | . . . . 1 . . . Drone Launches . | . . . . . . . . Drone Recoveries . | . . . . . . . . Exploration | -11 -10 -10 -10 -9 -8 -8 -8 ------------- Run | Yrd Mat Min Exi Min Mat Sto Gar Turns Passed 2938 | 58 450 438 197 232 1148 13 402 Spaces Moved 2517 | 47 414 472 242 281 839 16 206 Core 21 | 17 . . . . . . 4 Treads . | . . . . . . . . Legs 98 | . . . . . . . 98 Wheels 2398 | 30 414 472 242 281 839 16 104 Hover . | . . . . . . . . Flight . | . . . . . . . . Fastest Speed 50 | 50 80 80 80 80 80 86 86 Average Speed 84 | 100 80 80 80 80 84 86 114 Slowest Speed 400 | 200 80 80 80 80 105 86 400 Overloaded Moves . | . . . . . . . . Propulsion Burnouts . | . . . . . . . . Robots Hopped . | . . . . . . . . Potential Cave-ins . | . . . . . . . . Cave-ins Triggered . | . . . . . . . . Exploration Rate (%) 48 | 3 65 90 60 75 56 6 36 Regions Visited 7 Branch Regions 4 Pre-discovered Areas . | . . . . . . . . Known Exits Taken 3 | . 1 . . . 1 1 . Unknown Exits Taken 4 | 1 . 1 1 1 . . . Scrap Searched 1 | . . 1 . . . . . Spaces Dug . | . . . . . . . . Terrain Destroyed 50 | . 13 5 . 5 26 . 1 Melee . | . . . . . . . . Projectile . | . . . . . . . . AOE 50 | . 13 5 . 5 26 . 1 Terrain Rammed . | . . . . . . . . Walls Destroyed . | . . . . . . . . Machines Disabled . | . . . . . . . . Actions | -11 -10 -10 -10 -9 -8 -8 -8 --------- Run | Yrd Mat Min Exi Min Mat Sto Gar Total 3154 | 54 503 521 245 287 1231 15 298 Wait 343 | . 37 23 . . 254 . 29 Move 2510 | 46 413 471 241 280 838 15 206 Hop . | . . . . . . . . Pick Up 41 | 2 14 3 1 2 17 . 2 Fast Attach 29 | 6 3 3 1 . 11 . 5 Attach 20 | . 2 1 . 2 11 . 4 Detach 10 | . 1 2 . . 5 . 2 Swap 11 | . 1 2 . . 7 . 1 Drop 46 | . 10 7 2 2 23 . 2 Fire 85 | . 22 8 . 1 14 . 40 Melee 53 | . . . . . 51 . 2 Ram 1 | . . 1 . . . . . Kick 5 | . . . . . . . 5 Crush . | . . . . . . . . Escape Stasis . | . . . . . . . . Rewire . | . . . . . . . . Trap . | . . . . . . . . Miscellaneous . | . . . . . . . . Route ------- -11/Scrapyard -10/Materials (discovered 3 exits: [*Mat] / *Min x2) -10/Mines (discovered 3 exits: [*Mat x2] / *Exi) -10/Exiles -9/Mines -8/Materials -8/Storage -8/Garrison (discovered 1 exit: [*Rec]) History --------- Turn | Location | Event 40 | -11/Scrapyard | Discovered new exit (range 12) 59 | -11/Scrapyard | Entered Materials 66 | -10/Materials | Discovered new exit (range 16) 181 | -10/Materials | Discovered new exit (range 16) 314 | -10/Materials | Build established: Mutant 341 | -10/Materials | Discovered new exit (range 10) 369 | -10/Materials | Identified exit to Mines 509 | -10/Materials | Entered Mines 551 | -10/Mines | Discovered new exit (range 8) 574 | -10/Mines | Discovered new exit (range 13) 659 | -10/Mines | Received a Rocket Launcher from a helpful Derelict 669 | -10/Mines | Received a Mining Laser from a helpful Derelict 695 | -10/Mines | Deemed a non-threat by the Exiles lab entrance 696 | -10/Mines | Discovered new exit (range 5) 947 | -10/Mines | Entered Exiles 968 | -10/Exiles | Met 8R-AWN 982 | -10/Exiles | Met EX-HEX 1009 | -10/Exiles | Met EX-BIN 1024 | -10/Exiles | Aligned with FarCom system 1024 | -10/Exiles | Given EX-Vault access code 1044 | -10/Exiles | Opened EX-Vault 1049 | -10/Exiles | Build established: Scavenger-Mutant 1054 | -10/Exiles | Found Longsword +1 1080 | -10/Exiles | Warned to stay clear of 0b10 Research branches 1104 | -10/Exiles | Met EX-DEC 1135 | -10/Exiles | Discovered new exit (range 11) 1144 | -10/Exiles | Left Exiles lab with Longsword +1 1144 | -10/Exiles | Entered Mines 1312 | -9/Mines | Discovered new exit (range 14) 1376 | -9/Mines | Entered Materials 1376 | -8/Materials | Evolved 4 slots: Propulsion x1, Utility x2, Weapon x1 1377 | -8/Materials | Identified exit to Storage 1902 | -8/Materials | Build established: Mutant 1920 | -8/Materials | Garrison activated, responded to threat 2094 | -8/Materials | Destroyed 12 combat bots 2524 | -8/Materials | Entered Storage 2537 | -8/Storage | Identified exit to Garrison 2537 | -8/Storage | Entered Garrison 2559 | -8/Garrison | Triggered checkpoint 2568 | -8/Garrison | Garrison Relay disabled 2646 | -8/Garrison | Triggered checkpoint 2650 | -8/Garrison | Triggered checkpoint 2699 | -8/Garrison | Core integrity fell below 50% 2726 | -8/Garrison | Lost 4 parts (2n2w) 2738 | -8/Garrison | Destroyed 8 combat bots 2775 | -8/Garrison | System corruption reached 10% 2835 | -8/Garrison | Discovered new exit (range 9) 2871 | -8/Garrison | Triggered checkpoint 2925 | -8/Garrison | Core integrity fell below 20% 2939 | -8/Garrison | Destroyed by P-60 Hacker with Shock Rifle Last Messages --------------- P-60 Hacker resets Y-45 Defender, system corruption cleaned. Slug penetrates Y-45 Defender. Critical hit (Burn: +37). Acquired 4 matter. Slug penetrates Y-45 Defender. Acquired 3 matter. Chain reaction triggered in Imp. Ion Engine. Hvy. Particle Gun destroyed. Adv. EMP Blaster destroyed. Gauss Rifle destroyed. NSXBIH=MQY=2DEM